 Dungeon Crawl Stone Soup version 0.18-a0-1060-g4fac74f (webtiles) character file.

42056 Duffy the Destroyer (level 13, -7/80 HPs)
             Began as a Deep Elf Wizard on Jan 12, 2016.
             Was the Champion of Sif Muna.
             Killed by angry trees
             ... awakened by a young spriggan druid
              (11 damage)
             ... on level 6 of the Lair of Beasts.
             The game lasted 01:02:49 (31439 turns).

Duffy the Destroyer (Deep Elf Wizard)              Turns: 31439, Time: 01:02:49

Health: -7/80      AC:  6    Str:  4    XL:     13   Next: 83%
Magic:  18/32      EV: 18    Int: 28    God:    Sif Muna [******]
Gold:   911        SH:  0    Dex: 14    Spells: 10 memorised, 7 levels left

rFire  . . .     SeeInvis +     X - staff of air
rCold  . . .     Gourm    +     A - +0 robe
rNeg   . . .     Faith    .     (no shield)
rPois  .         Spirit   .     M - +2 hat
rElec  +         Dismiss  .     n - +0 cloak
rCorr  .         Reflect  .     (no gloves)
SustAt .         Harm     .     F - +0 pair of boots
MR     +....                    e - amulet of the gourmand
Stlth  +++.......               i - +3 ring of evasion
                                I - ring of see invisible

@: about to teleport, slowed, repel missiles, very slow, somewhat resistant to
hostile enchantments, fairly stealthy
A: no striking features
a: Channel Energy, Forget Spell, Renounce Religion


You were on level 6 of the Lair of Beasts.
You worshipped Sif Muna.
Sif Muna was exalted by your worship.
You were full.

You visited 3 branches of the dungeon, and saw 17 of its levels.

You collected 911 gold pieces.


   Skills:
 + Level 9.1 Fighting
 - Level 6.2 Dodging
 - Level 6.2 Stealth
 - Level 13.0 Spellcasting
 + Level 13.2 Conjurations
 - Level 5.2 Charms
   Level 1.2 Summonings
 - Level 6.2 Necromancy
 - Level 2.5 Translocations
 - Level 10.4 Poison Magic
 - Level 8.0 Invocations


You had 7 spell levels left.
You knew the following spells:

 Your Spells              Type           Power        Failure   Level  Hunger
a - Magic Dart            Conj           ####         0%          1    None
e - Apportation           Tloc           ####......   1%          1    None
i - Iskenderun's Battles  Conj/Chrm      ######..     1%          5    ##.....
j - Mephitic Cloud        Conj/Pois/Air  #######.     1%          3    None
k - Poison Arrow          Conj/Pois      ######....   3%          6    ####...
l - Conjure Flame         Conj/Fire      ######..     1%          3    None
n - Bolt of Draining      Conj/Necr      ######....   1%          5    ##.....
r - Regeneration          Chrm/Necr      ######....   1%          3    None
B - Blink                 Tloc           N/A          1%          2    None
M - Repel Missiles        Chrm/Air       #####.       1%          2    None

Inventory:

Hand Weapons
 N - a +4 scimitar of flaming
Missiles
 a - a throwing net
 K - 16 tomahawks (quivered)
 Y - 16 poisoned needles
Armour
 n - a +0 cloak (worn)
 A - a +0 robe (worn)
 F - a +0 pair of boots (worn)
 M - a +2 hat (worn)
Magical Staves
 X - an uncursed staff of air (weapon)
Jewellery
 b - an uncursed ring of positive energy
 e - an amulet of the gourmand (around neck)
 i - a +3 ring of evasion (right hand)
 m - a cursed -4 ring of intelligence
 y - a +6 ring of intelligence
 I - a ring of see invisible (left hand)
 J - an uncursed ring of resist corrosion
 L - an uncursed ring of sustain attributes
 P - an uncursed ring of wizardry
Wands
 c - a wand of draining (6/15)
 z - a wand of cold (6/15)
 B - a wand of paralysis (13/24)
 R - a wand of digging (10/24)
 T - a wand of digging (13/24)
 Z - a wand of flame (41/48)
Scrolls
 f - 6 scrolls of remove curse
 h - 5 scrolls of amnesia
 j - a scroll of holy word {unknown}
 q - 3 scrolls of enchant armour
 t - 3 scrolls of recharging
 u - 3 scrolls of magic mapping
 w - 2 scrolls of fear
 E - a scroll of brand weapon {unknown}
 H - 2 scrolls of silence {unknown}
 O - a scroll of blinking {unknown}
 Q - 2 scrolls of vulnerability {unknown}
 V - 4 scrolls of fog {unknown}
Potions
 g - 3 potions of curing
 k - 2 potions of agility
 r - 2 potions of haste
 x - a potion of ambrosia
 C - 2 potions of might {unknown}
 S - 2 potions of brilliance {unknown}
 W - 2 potions of mutation {unknown}
Comestibles
 d - 13 bread rations
 l - 9 meat rations
 o - a beef jerky
 s - 13 fruits
 v - a slice of pizza
 G - 3 royal jellies

Dungeon Overview and Level Annotations

Branches:
Dungeon (10/15)            Temple (1/1) D:7            Lair (6/8) D:8
 Shoals (0/4) Lair:6        Snake (0/4) Lair:6
  Slime: Lair:6-8       Orc: D:9-12

Altars:
Ashenzari
Cheibriados
Dithmenos
Elyvilon
Fedhas
Gozag
Kikubaaqudgha
Makhleb
Nemelex Xobeh
Okawaru
Pakellas
Qazlal
Ru
Sif Muna
Trog
Vehumet
Xom
Yredelemnul
Zin
The Shining One
Jiyva

Shops:
D:4 *   D:6 =   D:7 *}(

Annotations:
D:8 chonchonts's ghost, novice MiFi


Message History

You kill the spriggan!
Your battlesphere is hit by a branch!
Your battlesphere is destroyed!
A tree reaches out and hits you!
The spriggan rider unwields an uncursed spear.
The spriggan rider wields a blowgun.
The spriggan rider shoots a curare-tipped needle.
The curare-tipped needle hits you.
You are poisoned.
You have difficulty breathing.
You feel yourself slow down.
A young spriggan druid comes into view. It is wielding a quarterstaff.
Cast which spell? (? or * to list)
Aiming: Bolt of Draining
Press: ? - help, Shift-Dir - straight line, f/p - spriggan rider
Aim: a spriggan rider, wielding a blowgun The bolt of negative energy misses the young spriggan druid.
The bolt of negative energy hits the spriggan rider.
The spriggan rider is drained!
The spriggan rider is heavily wounded.
The young spriggan druid shouts!
You feel sick. A root smacks you from below.
You are hit by a branch!
The young spriggan druid moves out of view.
The spriggan rider moves out of view.
The young spriggan druid points at you and mumbles some strange words.
The stone arrow hits you!
Read which item? (? for menu, Esc to quit)
Okay, then.
Drink which item? (? for menu, Esc to quit)
You feel better.
You are hit by a branch!
Read which item? (? for menu, Esc to quit)
As you read the scroll of teleportation, it crumbles to dust.
You feel strangely unstable.
You feel roots moving beneath the ground.
A tree reaches out but misses you.
You are hit by a branch!
You die...

.#.....
7.7777)7
777..)7777
#...... 7.7
7.7777.7.777
....... 7.77
77%77.7..7
.#.... 77.7
77...77..7
#.... 7.77
7777777.7
.... 77.7
..7 ....
7.77 77.7
... 77.7 .7
.. 7@7 7
77.7


7ii # .<. 77.. ##..........# ... ............## $. .............# .
#............## ..............## You could see a spriggan rider and a young
spriggan druid.

Action                   |  1- 3 |  4- 6 |  7- 9 | 10-12 | 13-15 || total
-------------------------+-------+-------+-------+-------+-------++-------
Melee: Unarmed           |       |       |     5 |     1 |       ||     6
       Scimitar          |       |       |       |     2 |       ||     2
 Cast: Magic Dart        |    90 |   111 |   466 |   784 |    51 ||  1502
       Repel Missiles    |     1 |       |     1 |     1 |       ||     3
       Call Imp          |     7 |    20 |    19 |     8 |       ||    54
       Blink             |     1 |     4 |    22 |    19 |       ||    46
       Conjure Flame     |       |     4 |    62 |    63 |       ||   129
       Mephitic Cloud    |       |       |    24 |     5 |     2 ||    31
       Poison Arrow      |       |       |       |    71 |    30 ||   101
       Iskenderun's Batt |       |       |       |    43 |    33 ||    76
       Bolt of Draining  |       |       |       |       |    41 ||    41
Invok: Channel Energy    |       |       |     2 |   117 |    74 ||   193
  Use: Scroll            |       |       |     9 |     8 |     2 ||    19
       Potion            |       |       |     1 |     5 |     1 ||     7
  Eat: Chunk             |    15 |     7 |    30 |    88 |    25 ||   165

Notes
Turn   | Place    | Note
--------------------------------------------------------------
     0 | D:1      | Duffy the Deep Elf Wizard began the quest for the Orb.
     0 | D:1      | Reached XP level 1. HP: 10/10 MP: 7/7
   299 | D:1      | Reached skill level 2 in Conjurations
   302 | D:1      | Reached XP level 2. HP: 15/15 MP: 5/9
   873 | D:1      | Reached skill level 3 in Conjurations
   968 | D:1      | Learned a level 2 spell: Blink
   971 | D:1      | Learned a level 2 spell: Call Imp
   974 | D:1      | Learned a level 2 spell: Repel Missiles
  1050 | D:1      | Reached XP level 3. HP: 19/19 MP: 8/10
  1407 | D:1      | Learned a level 3 spell: Conjure Flame
  1753 | D:2      | Reached skill level 4 in Conjurations
  1874 | D:2      | You fall through a shaft!
  1878 | D:3      | Noticed an ice beast
  2028 | D:3      | Reached XP level 4. HP: 12/24 MP: 4/12
  2290 | D:4      | Noticed a phantom
  2300 | D:5      | Entered Level 5 of the Dungeon
  2300 | D:5      | Found a blossoming altar of Fedhas.
  2364 | D:4      | Killed a phantom
  2364 | D:4      | Reached skill level 5 in Conjurations
  2364 | D:4      | Reached XP level 5. HP: 16/28 MP: 0/13
  2707 | D:4      | Noticed an ogre
  2740 | D:4      | Found Zin's Purification Station.
  2826 | D:4      | Killed an ogre
  2826 | D:4      | Reached skill level 6 in Conjurations
  3126 | D:2      | Reached XP level 6. HP: 32/32 MP: 11/14
  3188 | D:2      | Found a basalt altar of Yredelemnul.
  3435 | D:3      | Reached skill level 1 in Fighting
  3588 | D:3      | Found an oddly glowing altar of Pakellas.
  3596 | D:3      | Found an iron altar of Okawaru.
  3596 | D:3      | Found a shadowy altar of Dithmenos.
  3599 | D:3      | Found an opulent altar of Gozag.
  4115 | D:3      | Killed an ice beast
  4115 | D:3      | Reached skill level 2 in Fighting
  4425 | D:4      | Reached skill level 3 in Fighting
  4548 | D:4      | Found a glowing silver altar of Zin.
  4763 | D:5      | Reached XP level 7. HP: 41/41 MP: 4/15
  4865 | D:5      | Noticed Pikel
  4941 | D:4      | Learned a level 3 spell: Mephitic Cloud
  5265 | D:4      | Reached skill level 4 in Fighting
  5390 | D:4      | Killed Pikel
  5390 | D:4      | Reached skill level 5 in Fighting
  5390 | D:4      | Reached XP level 8. HP: 48/51 MP: 2/16
  5569 | D:5      | Found a shadowy altar of Dithmenos.
  5574 | D:5      | Noticed Edmund
  5997 | D:4      | Killed Edmund
  5997 | D:4      | Reached skill level 6 in Fighting
  6202 | D:5      | Found a stormy altar of Qazlal.
  6215 | D:5      | Found an ancient bone altar of Kikubaaqudgha.
  6352 | D:5      | Found a white marble altar of Elyvilon.
  6398 | D:5      | Noticed Blork the orc
  6414 | D:5      | Killed Blork the orc
  6686 | D:5      | Reached skill level 3 in Dodging
  7066 | D:6      | Reached skill level 4 in Dodging
  7439 | D:6      | Reached skill level 5 in Dodging
  7706 | D:6      | Reached skill level 6 in Dodging
  7859 | D:6      | Reached skill level 3 in Stealth
  7926 | D:6      | Reached skill level 4 in Stealth
  8088 | D:6      | Reached skill level 5 in Stealth
  8555 | D:6      | Reached skill level 6 in Stealth
  8555 | D:6      | Reached XP level 9. HP: 38/56 MP: 4/17
  8752 | D:6      | Found Tirara's Jewellery Boutique.
  9366 | D:6      | Reached skill level 7 in Fighting
  9936 | D:7      | Noticed Prince Ribbit
 10163 | D:7      | Found Haonea's Weapon Shop.
 10628 | D:7      | Reached skill level 8 in Fighting
 10677 | D:7      | Found a glowing silver altar of Zin.
 10778 | D:7      | Found Hicerio's Assorted Antiques.
 10803 | D:7      | Found Suade's Gadget Shop.
 11082 | D:7      | Found a staircase to the Ecumenical Temple.
 11087 | Temple   | Entered the Ecumenical Temple
 11238 | Temple   | Became a worshipper of Sif Muna the Loreminder
 11625 | D:7      | Reached skill level 5 in Spellcasting
 11880 | D:7      | Killed Prince Ribbit
 11880 | D:7      | Reached skill level 6 in Spellcasting
 11961 | D:7      | Learned a level 6 spell: Poison Arrow
 12121 | D:7      | Reached skill level 1 in Poison Magic
 12170 | D:7      | Found a snail-covered altar of Cheibriados.
 12283 | D:8      | Noticed chonchonts's ghost (novice MiFi)
 12571 | D:7      | Reached * piety under Sif Muna
 12772 | D:8      | Reached skill level 2 in Poison Magic
 12855 | D:8      | Noticed a fire drake
 13387 | D:8      | Found a staircase to the Lair.
 13617 | D:8      | Reached XP level 10. HP: 65/65 MP: 3/22
 14142 | D:9      | Reached skill level 3 in Poison Magic
 14401 | D:8      | Reached skill level 7 in Conjurations
 14622 | D:9      | Reached skill level 7 in Spellcasting
 14700 | D:9      | Noticed Maurice
 14796 | D:7      | Killed Maurice
 14796 | D:7      | Reached skill level 4 in Poison Magic
 15356 | D:9      | Reached ** piety under Sif Muna
 15356 | D:9      | Reached skill level 5 in Poison Magic
 15996 | D:10     | Entered Level 10 of the Dungeon
 16279 | D:10     | Reached skill level 8 in Spellcasting
 16279 | D:10     | Reached skill level 6 in Poison Magic
 16286 | D:10     | Reached skill level 8 in Conjurations
 17242 | D:10     | Reached *** piety under Sif Muna
 17242 | D:10     | Reached skill level 7 in Poison Magic
 17628 | D:10     | Noticed a gargoyle
 18315 | Lair:1   | Entered Level 1 of the Lair of Beasts
 18664 | Lair:1   | Noticed a spiny frog
 18675 | Lair:1   | Killed a spiny frog
 18675 | Lair:1   | Reached XP level 11. HP: 52/69 MP: 14/25
 19304 | Lair:1   | Reached skill level 8 in Poison Magic
 19705 | Lair:1   | Reached skill level 9 in Spellcasting
 20369 | Lair:1   | Reached **** piety under Sif Muna
 20842 | Lair:1   | Reached skill level 9 in Conjurations
 21316 | Lair:2   | Reached skill level 9 in Poison Magic
 21319 | Lair:2   | Noticed Erica
 21564 | Lair:2   | Killed Erica
 21564 | Lair:2   | Reached ***** piety under Sif Muna
 21874 | Lair:2   | Reached skill level 10 in Spellcasting
 22135 | Lair:2   | Noticed a five-headed hydra
 22251 | Lair:1   | Reached skill level 10 in Poison Magic
 23309 | Lair:2   | Reached skill level 1 in Invocations
 23501 | Lair:2   | Reached skill level 10 in Conjurations
 23548 | Lair:2   | Reached skill level 2 in Invocations
 23800 | Lair:2   | Reached XP level 12. HP: 75/75 MP: 15/28
 23875 | Lair:2   | Reached skill level 3 in Invocations
 24067 | Lair:2   | Killed a five-headed hydra
 24067 | Lair:2   | Reached skill level 11 in Spellcasting
 24075 | Lair:2   | Reached ****** piety under Sif Muna
 24075 | Lair:2   | Received a gift from Sif Muna
 24230 | Lair:2   | Learned a level 5 spell: Iskenderun's Battlesphere
 24274 | Lair:2   | Reached skill level 1 in Charms
 24274 | Lair:2   | Reached skill level 4 in Invocations
 24436 | Lair:2   | Noticed a four-headed hydra
 24440 | Lair:2   | Killed a four-headed hydra
 24440 | Lair:2   | Reached skill level 2 in Charms
 24704 | Lair:3   | Reached skill level 3 in Charms
 25087 | Lair:3   | Reached skill level 4 in Charms
 25104 | Lair:3   | Reached skill level 5 in Invocations
 25194 | Lair:3   | Reached skill level 5 in Charms
 25593 | Lair:3   | Reached skill level 6 in Invocations
 26003 | Lair:3   | Reached skill level 2 in Translocations
 26400 | Lair:4   | Noticed a four-headed hydra
 26409 | Lair:4   | Killed a four-headed hydra
 26409 | Lair:4   | Reached skill level 7 in Invocations
 26658 | Lair:3   | Reached skill level 8 in Invocations
 27301 | Lair:4   | Reached skill level 12 in Spellcasting
 27691 | Lair:4   | Reached skill level 11 in Conjurations
 28160 | Lair:5   | Learned a level 1 spell: Apportation
 28332 | Lair:5   | Reached XP level 13. HP: 79/79 MP: 18/31
 28746 | Lair:5   | Received a gift from Sif Muna
 28747 | Lair:5   | Identified Sif Muna's Tome of Attacks (Sif Muna gifted it to you on level 5 of the Lair of Beasts)
 28827 | Lair:5   | Learned a level 5 spell: Bolt of Draining
 28898 | Lair:5   | Reached skill level 13 in Spellcasting
 29317 | Lair:5   | Reached skill level 1 in Necromancy
 29620 | Lair:6   | Reached skill level 2 in Necromancy
 30073 | Lair:6   | Reached skill level 3 in Necromancy
 30147 | Lair:6   | Found a staircase to the Shoals.
 30148 | Lair:6   | Found a staircase to the Snake Pit.
 30542 | Lair:6   | Reached skill level 12 in Conjurations
 30542 | Lair:6   | Reached skill level 4 in Necromancy
 30738 | Lair:6   | Reached skill level 5 in Necromancy
 30882 | Lair:6   | Reached skill level 6 in Necromancy
 31025 | Lair:6   | Received a gift from Sif Muna
 31248 | Lair:6   | Learned a level 3 spell: Regeneration
 31268 | Lair:6   | Reached skill level 13 in Conjurations
 31269 | Lair:6   | Reached skill level 9 in Fighting
 31439 | Lair:6   | Killed from afar by a young spriggan druid

Vault maps used:
D:1:      minmay_arrival_arboretum_large, minmay_misc_feat_four_crosses,
          nrook_mini_backslash
D:2:      lemuel_round_altar
D:3:      minitemple, first_bread, minmay_fountain_box, cheibrodos_gnoll_hut
D:4:      zin_purify
D:5:      grunt_temple_overflow_forces_of_nature, kennysheep_little_box,
          kiku_gazebo_pond_becter, grunt_dithmenos_smoke, uniq_edmund,
          uniq_pikel, uniq_blork_the_orc
D:6:      portal_sewer_entry_e, serial_shops, shop, nrook_uturn
D:7:      slow_altar_2, minmay_temple_entry_butterflies, basic_altar,
          serial_shops, nicolae_shop_crystal, nicolae_shop_trees,
          nicolae_shop_waterfront, lightli_orcish_oven, uniq_prince_ribbit1
D:8:      minmay_goldmine, minmay_lair_entry_lava
D:9:      uniq_maurice
D:10:     cheibrodos_stairvault_heist, hangedman_fish_farm
Temple:   pf_slime_end_temple
Lair:1:   grunt_forest_large_clearings, infiniplex_staircase_pool
Lair:2:   infiniplex_staircase_pool_2, grunt_megastairs_3, uniq_erica
Lair:4:   grunt_forest_stairs_clearing
Lair:6:   forest_paths, elwin_shoals_entry_rocks,
          minmay_snake_entry_guardpost_small, grunt_forest_large_clearing_hut

Vanquished Creatures
  6 hydras Erica
  A catoblepas
  5 death yaks
  A lindwurm Pikel Maurice
  10 elephants
  A centaur zombie
  7 black mambas
  9 spiny frogs
  2 fire drakes
  9 komodo dragons
  A spriggan druid
  2 polar bears
  2 merfolk Prince Ribbit
  27 blink frogs
  11 spriggans
  9 yaks
  5 hippogriffs
  2 hungry ghosts
  7 wolves Edmund
  2 nagas
  10 water moccasins
  12 porcupines
  3 black bears
  6 orc warriors
  3 sky beasts
  3 slaves
  3 ice beasts
  5 ogres
  2 wasps
  A necrophage
  2 phantoms
  5 centaurs
  9 crocodiles
  2 big kobolds Blork the orc
  16 giant frogs
  3 wyvern skeletons
  5 scorpions
  A killer bee
  2 electric eels
  A crimson imp
  A giant frog zombie
  2 jellies
  An iron imp
  5 orc priests
  6 hounds
  An orc wizard
  A centaur skeleton
  4 giant frog skeletons
  9 worker ants
  6 iguanas
  A killer bee zombie
  12 sheep
  5 gnolls
  8 adders
  35 river rats
  2 shadow imps
  3 oozes
  An adder skeleton
  4 worms
  3 giant geckos
  50 orcs
  10 bats
  5 giant cockroaches
  10 goblins
  9 hobgoblins
  7 jackals
  8 quokkas
  5 ball pythons
  A giant cockroach zombie
  3 giant newts
  13 kobolds
  9 rats
  13 fungi
  4 plants
476 creatures vanquished.
